 Dungeon Crawl Stone Soup version 0.26-a0-639-g72c4674329 (webtiles) character file.

Game seed: 17696044519293834022

15281 Flugslaktarn the Fighter (level 11, -15/107 HPs)
             Began as a Minotaur Fighter on Sept 19, 2020.
             Was an Elder of Makhleb.
             Demolished by a sun demon (17 damage)
             ... summoned by Frances
             ... on level 13 of the Dungeon.
             The game lasted 00:06:05 (9994 turns).

Flugslaktarn the Fighter (Minotaur Fighter)         Turns: 9994, Time: 00:06:05

Health: -15/107    AC: 23    Str: 30    XL:     11   Next: 99%
Magic:  14/14      EV: 11    Int:  5    God:    Makhleb [****..]
Gold:   708        SH:  0    Dex: 10    Spells: 10/10 levels left

rFire    . . .     SeeInvis .   g - +4 executioner's axe (elec)
rCold    . . .     Faith    .   (shield currently unavailable)
rNeg     . . .     Spirit   .   y - +0 plate armour
rPois    .         Reflect  .   I - +1 hat of Understanding {Regen+}
rElec    .         Harm     .   l - +0 cloak
rCorr    .         Rampage  .   K - +1 pair of gloves
MR       .....                  (no boots)
Stlth    ..........             f - amulet of regeneration
HPRegen  1.07/turn              a - +6 ring of strength
MPRegen  0.14/turn              p - +4 ring of protection

@: no status effects
A: retaliatory headbutt, horns 2
a: Minor Destruction, Lesser Servant of Makhleb, Major Destruction, Renounce
Religion


You were on level 13 of the Dungeon.
You worshipped Makhleb.
Makhleb was greatly pleased with you.
You visited 2 branches of the dungeon, and saw 14 of its levels.
You also visited: Ossuary.

You collected 708 gold pieces.

Inventory:

Hand Weapons
 g - a +4 executioner's axe of electrocution (weapon)
   (You found it on level 4 of the Dungeon)
 z - a +1 vorpal war axe
   (You took it off Blork the orc on level 5 of the Dungeon)
 E - a +1 falchion of distortion
   (You took it off an orc on level 8 of the Dungeon)
Missiles
 H - 3 throwing nets (quivered)
Armour
 c - a +0 kite shield
 l - a +0 cloak (worn)
   (You found it on level 3 of the Dungeon)
 y - a +0 plate armour (worn)
   (You found it on level 6 of the Dungeon)
 I - the +1 hat of Understanding (worn) {Regen+}
   (You found it on level 9 of the Dungeon)

   It increases your rate of regeneration.
 K - a +1 pair of gloves (worn)
   (You found it on level 13 of the Dungeon)
Jewellery
 a - a +6 ring of strength (left hand)
   (You found it on level 6 of the Dungeon)
 f - an amulet of regeneration (around neck)
   (You found it on level 7 of the Dungeon)
 p - a +4 ring of protection (right hand)
   (You found it on level 7 of the Dungeon)
Wands
 m - a wand of iceblast (10)
   (You found it on level 3 of the Dungeon)
 u - a wand of paralysis (5)
   (You took it off Ijyb on level 5 of the Dungeon)
 B - a wand of digging (5)
   (You found it on level 11 of the Dungeon)
 F - a wand of acid (4)
   (You found it on level 9 of the Dungeon)
Scrolls
 b - a scroll of immolation
 j - 2 scrolls of fog
 t - 8 scrolls of teleportation
 x - 5 scrolls of remove curse
 A - a scroll of magic mapping
Potions
 d - 4 potions of might
 e - 2 potions of brilliance
 h - a potion of haste
 i - 2 potions of lignification
 k - 4 potions of flight
 n - 3 potions of resistance
 o - 3 potions of cancellation
 s - 7 potions of curing
 v - a potion of invisibility
 w - a potion of heal wounds
 C - 2 potions of berserk rage
 D - 4 potions of mutation
 J - a potion of magic {unknown}


   Skills:
 * Level 13.1 Fighting
 * Level 12.9 Axes
 + Level 9.9 Armour
 + Level 7.9 Dodging
 - Level 4.5 Shields
 + Level 5.3 Invocations


You had 10 spell levels left.
You didn't know any spells.
Your spell library was empty.

Dungeon Overview and Level Annotations

Branches:
Dungeon (13/15)            Temple (1/1) D:6            Lair (0/6) D:11
    Orc (0/2) D:10         Vaults (0/5) D:13        Ossuary (visited)

Altars:
Ashenzari
Cheibriados
Dithmenos
Elyvilon
Fedhas
Gozag
Hepliaklqana
Kikubaaqudgha
Makhleb
Nemelex Xobeh
Okawaru
Qazlal
Ru
Sif Muna
Trog
Uskayaw
Vehumet
Wu Jian
Xom
Yredelemnul
Zin
The Shining One

Shops:
D:5 }   D:10 *

Annotations:
D:10 1 runed translucent door, exclusion: ice statue, Flugslaktarn's ghost, novice MiFi
D:13 Frances


Innate Abilities, Weirdness & Mutations

You reflexively headbutt those who attack you in melee.
You have a pair of horns on your head.


Message History

Lightning courses through the ice devil!
You slash the sun demon! Frances hits you but does no damage.
The sun demon closely misses you. The ice devil barely misses you.
You barely miss the ice devil.
The ice devil is moderately wounded.
You hit Frances. You slash the sun demon!
The sun demon hits you but does no damage.
Frances chants phrases taken from a devil's mouth.
The shard of ice hits you!! The ice devil barely misses you.
The sun demon hits you!
You are engulfed in flames!
Frances closely misses you. You furiously retaliate!
You headbutt Frances!! You miss the sun demon.
The sun demon is heavily wounded.
You slash the ice devil! You slice Frances!! The ice devil hits you.
The ice devil freezes you!!
* * * LOW HITPOINT WARNING * * *
The sun demon hits you!
* * * LOW HITPOINT WARNING * * *
You are engulfed in flames!
You die...

.# #..#.............#
.# #..#........# ..#
.# #..#........# ..#
.# #..#........# ..#
.# #..........(###..#
....................#
###############.(...#
#4....# #3@...#
#@....# .'.....#
###.....# ......#
.......# #####..# ..#


You could see Frances, a sun demon (summoned) and an ice devil (summoned).

Vanquished Creatures
  Azrael (D:12)
  A hydra (D:13)
  A death knight (D:12)
  3 two-headed ogres
  An unseen horror (D:10)
  A wizard (D:13)
  Pikel (D:5)
  A gargoyle (D:13)
  Grinder (D:5)
  6 hippogriffs
  2 wraiths
  2 fire elementals (D:12)
  Edmund (D:6)
  Menkaure (D:5)
  Duvessa (D:5)
  3 hell hounds (D:12)
  2 black bears
  2 ice beasts
  6 ogres
  4 sky beasts
  A necrophage (D:10)
  4 orc warriors
  3 phantoms
  5 centaurs
  2 crocodiles
  A big kobold (D:4)
  Blork the orc (D:5)
  5 bullfrogs
  Dowan (D:5)
  A water moccasin zombie (D:7)
  2 wyvern skeletons
  12 scorpions
  4 killer bees
  2 howler monkeys
  4 wights (D:12)
  3 bullfrog zombies
  6 centaur zombies
  A human zombie (Ossuary)
  5 hounds
  3 quasits
  3 bullfrog skeletons
  3 orc priests
  3 jellies
  14 orc wizards
  4 centaur skeletons
  8 iguanas
  8 worker ants
  Ijyb (D:5)
  A killer bee zombie (D:8)
  3 mummies (Ossuary)
  A howler monkey zombie (D:7)
  4 worker ant zombies
  6 adders
  5 scorpion zombies (Ossuary)
  5 shadow imps
  8 white imps
  3 ufetubi
  2 oozes (D:4)
  An adder skeleton (D:9)
  A worm (D:6)
  A dart slug (D:1)
  5 leopard geckos
  32 orcs
  7 giant cockroaches
  4 hobgoblins (D:1)
  5 jackals
  8 quokkas
  A ball python (D:5)
  5 bats
  6 frilled lizards
  2 gnoll zombies (D:9)
  3 goblins
  2 goblin zombies (Ossuary)
  2 hobgoblin zombies (Ossuary)
  2 kobolds (D:3)
  5 kobold zombies (Ossuary)
  2 leopard gecko skeletons
  2 orc zombies (Ossuary)
  4 rats
289 creatures vanquished.

Vanquished Creatures (others)
  2 fungi (D:10)
  5 plants (D:10)
7 creatures vanquished.

Grand Total: 296 creatures vanquished

Notes
Turn   | Place    | Note
-------+----------+-------------------------------------------
     0 | D:1      | Flugslaktarn the Minotaur Fighter began the quest for the
                  | Orb.
     0 | D:1      | Reached XP level 1. HP: 19/19 MP: 0/0
    94 | D:1      | Reached XP level 2. HP: 24/27 MP: 1/1
   142 | D:1      | Reached skill level 4 in Fighting
   410 | D:2      | Reached XP level 3. HP: 32/33 MP: 2/2
   943 | D:4      | Reached XP level 4. HP: 39/41 MP: 3/3
   959 | D:4      | Noticed a phantom
   986 | D:4      | Killed a phantom
   986 | D:4      | Reached skill level 5 in Fighting
   986 | D:4      | Reached XP level 5. HP: 36/48 MP: 4/4
  1413 | D:4      | Found a transporter.
  1413 | D:4      | Noticed an ogre
  1415 | D:4      | Found a transporter.
  1432 | D:4      | Found a hazy altar of Hepliaklqana.
  1441 | D:4      | Reached XP level 6. HP: 53/56 MP: 5/5
  1476 | D:4      | Found a hide-covered altar of Uskayaw.
  1515 | D:4      | Reached skill level 5 in Axes
  1554 | D:4      | Found a shadowy altar of Dithmenos.
  1559 | D:4      | Reached skill level 6 in Fighting
  1559 | D:4      | Reached skill level 5 in Armour
  1714 | D:4      | Reached skill level 1 in Dodging
  1809 | D:5      | Entered Level 5 of the Dungeon
  1888 | D:5      | Reached XP level 7. HP: 63/64 MP: 6/6
  2054 | D:5      | Found a shattered altar of Ashenzari.
  2103 | D:5      | Reached skill level 7 in Fighting
  2378 | D:5      | Noticed Ijyb
  2391 | D:5      | Killed Ijyb
  2560 | D:5      | Noticed Blork the orc
  2568 | D:5      | Killed Blork the orc
  2568 | D:5      | Reached XP level 8. HP: 70/73 MP: 7/7
  2625 | D:5      | Noticed Pikel
  2628 | D:5      | Noticed Grinder
  2634 | D:5      | Killed Pikel
  2634 | D:5      | Reached skill level 8 in Fighting
  2644 | D:5      | Paralysed by Grinder for 6 turns
  2662 | D:5      | Paralysed by Grinder for 6 turns
  2673 | D:5      | Paralysed by Grinder for 4 turns
  2681 | D:5      | Paralysed by Grinder for 4 turns
  2693 | D:5      | Killed Grinder
  2894 | D:5      | Noticed Duvessa
  2895 | D:5      | Noticed Dowan
  2900 | D:5      | Killed Duvessa
  2905 | D:5      | Killed Dowan
  3144 | D:5      | Found a blossoming altar of Fedhas.
  3155 | D:5      | Noticed Menkaure
  3161 | D:5      | Found Fone's Gadget Shoppe.
  3165 | D:5      | Killed Menkaure
  3165 | D:5      | Reached skill level 9 in Fighting
  3165 | D:5      | Reached XP level 9. HP: 53/83 MP: 2/8
  3672 | D:6      | Found a staircase to the Ecumenical Temple.
  3697 | D:6      | Noticed Edmund
  3723 | D:6      | Killed Edmund
  4300 | D:6      | Found a shattered altar of Ashenzari.
  4374 | Temple   | Entered the Ecumenical Temple
  4481 | Temple   | Became a worshipper of Makhleb the Destroyer
  4526 | D:7      | Reached skill level 5 in Dodging
  4544 | D:7      | Reached skill level 10 in Fighting
  4618 | D:7      | Reached skill level 1 in Invocations
  4884 | D:7      | Found a sand-covered staircase.
  5085 | Ossuary  | Entered an ossuary
  5127 | Ossuary  | Reached * piety under Makhleb
  5142 | Ossuary  | Reached skill level 10 in Axes
  5542 | Ossuary  | Reached ** piety under Makhleb
  5542 | Ossuary  | Reached XP level 10. HP: 87/94 MP: 10/10
  5724 | D:7      | Found a white marble altar of Elyvilon.
  6545 | D:9      | Reached skill level 11 in Fighting
  6691 | D:9      | Reached *** piety under Makhleb
  6713 | D:9      | Found a basalt altar of Yredelemnul.
  6996 | D:9      | Noticed a two-headed ogre
  6998 | D:9      | Got a slimy hat
  7004 | D:9      | Killed a two-headed ogre
  7010 | D:9      | Identified the +1 hat of Understanding {Regen+} (You found
                  | it on level 9 of the Dungeon)
  7017 | D:9      | Found a shimmering blue altar of Sif Muna.
  7321 | D:10     | Entered Level 10 of the Dungeon
  7328 | D:10     | Found a staircase to the Orcish Mines.
  7645 | D:10     | Found a runed translucent door.
  7688 | D:10     | Killed an unseen horror
  7730 | D:10     | Noticed Flugslaktarn's ghost (novice MiFi)
  7730 | D:10     | Identified the +7 trident of Fitut {elec, rPois}
  7731 | D:10     | Noticed a spriggan rider
  7916 | D:10     | Found Ces Duag's General Store.
  7948 | D:10     | Reached XP level 11. HP: 102/104 MP: 12/12
  8130 | D:10     | Reached skill level 12 in Fighting
  8398 | D:11     | Noticed a two-headed ogre
  8400 | D:11     | Reached **** piety under Makhleb
  8404 | D:11     | Killed a two-headed ogre
  8734 | D:11     | Found a staircase to the Lair.
  9029 | D:12     | Noticed a death knight
  9038 | D:12     | Killed a death knight
  9155 | D:12     | Noticed Azrael
  9167 | D:12     | Killed Azrael
  9724 | D:13     | Noticed a two-headed ogre
  9724 | D:13     | Noticed a wizard
  9726 | D:13     | Killed a two-headed ogre
  9726 | D:13     | Reached skill level 5 in Invocations
  9730 | D:13     | Killed a wizard
  9730 | D:13     | Reached skill level 13 in Fighting
  9765 | D:13     | Found a gate to the Vaults.
  9804 | D:13     | Noticed a four-headed hydra
  9810 | D:13     | Killed an eight-headed hydra
  9989 | D:13     | Noticed Frances
  9992 | D:13     | Noticed a sun demon
  9994 | D:13     | HP: 2/107 [sun demon[Frances] (10)]
  9994 | D:13     | Demolished by a sun demon

Illustrated notes

Levels and vault maps discovered:
D:1:      dpeg_arrival_subterranean_lakeside_camping, layout_basic,
          lexackson_kobold_supper
D:2:      layout_loops_corners
D:3:      layout_loops_ring, xom_teletrap_fun
D:4:      layout_cave_pools, gammafunk_temple_overflow_arena,
          nicolae_overflow_hidden_temple, abandoned_shop,
          grunt_dithmenos_shadows
D:5:      layout_basic, kennysheep_little_box, serial_shops, shop, basic_altar,
          minmay_misc_feat_enclosed, minmay_manual_moon, uniq_menkaure,
          uniq_blork_the_orc, uniq_ijyb, uniq_pikel, uniq_duvessa, uniq_grinder
D:6:      layout_rooms, kennysheep_mini_moat, minmay_temple_entry_offerings,
          uniq_edmund
D:7:      layout_cave_pools, lemuel_round_altar, serial_glass, glass_columns_a,
          glass_columns_a, nicolae_ossuary_entry_plus
D:8:      layout_gridville
D:9:      hangedman_cross_stitches, layout_irregular_city,
          lemuel_zombie_altar_yredelemnul, basic_altar
D:10:     lemuel_ice_statue, layout_layer_cave, david_orc_2, serial_shops, shop,
          ebering_ghost_funeral_grove, grunt_ministairs_7, minmay_diced_spiral
D:11:     layout_irregular_city, lair_entry_dummy
D:12:     layout_irregular_city, uniq_azrael
D:13:     layout_stronghold, david_vaults_4, eino_curves_01, uniq_frances,
          uniq_kirke, uniq_rupert
Temple:   eino_temple_rhombus

Skill      XL: |  1  2  3  4  5  6  7  8  9 10 11 |
---------------+----------------------------------+-----
Fighting       | 4 5 6 7 9 10 11 13 | 13.1
Axes           | 3 4 5 6 8 10 11 12 | 12.9
Armour         | 4 5 6 7 8 9 |  9.9
Shields        | 4 |  4.5
Dodging        | 1 2 4 5 6 7 |  7.9
Invocations    | 1 3 5 |  5.3

Action                   |  1- 3 |  4- 6 |  7- 9 | 10-12 || total
-------------------------+-------+-------+-------+-------++-------
Melee: War axe           |    97 |    73 |   304 |   130 ||   604
       Headbutt          |    12 |    13 |    59 |    53 ||   137
       Executioner's axe |       |       |       |   142 ||   142
  Use: Potion            |       |       |     3 |       ||     3
       Scroll            |       |       |    11 |    11 ||    22
Armor: Scale mail        |    19 |       |       |       ||    19
       Chain mail        |    40 |    38 |    85 |       ||   163
       Skin              |       |       |     6 |       ||     6
       Plate armour      |       |       |    57 |   194 ||   251
Dodge: Dodged            |    29 |    10 |    75 |   171 ||   285
Block: Kite shield       |    60 |    43 |   122 |    64 ||   289

Table legend: (Time is in decaauts)
 A = Elapsed time spent in this place.
 B = Non-inter-level travel time spent in this place.
 C = Inter-level travel time spent in this place.
 D = Time resting spent in this place.
 E = Time spent auto-exploring this place.
 F = Levels seen in this place.
 G = Mean time per level.
                   A        B        C        D        E       F      G
               +--------+--------+--------+--------+--------+-----+--------+
         Total |  10189 |   9577 |    612 |    585 |   7139 |  15 |  679.3 |
       Dungeon |   9493 |   8892 |    601 |    585 |   6629 |  13 |  730.2 |
        Temple |    118 |    108 |     10 |      0 |    102 |   1 |  118.0 |
       Ossuary |    577 |    577 |      0 |      0 |    408 |   1 |  577.0 |
               +--------+--------+--------+--------+--------+-----+--------+

Top non-repeatable levels by time:
     D:5: 1653 daAuts
     D:6: 1042 daAuts
     D:4: 973 daAuts
     D:8: 828 daAuts
     D:9: 824 daAuts
    D:10: 777 daAuts
     D:7: 719 daAuts
    D:11: 689 daAuts
    D:12: 689 daAuts
 Ossuary: 577 daAuts
     D:3: 446 daAuts
     D:1: 423 daAuts
    D:13: 318 daAuts
  Temple: 118 daAuts
     D:2: 106 daAuts
